 Seeded DCSS version 0.30.0-29-ga12c61a403 (webtiles) character file.

Game seed: 18007716519941398942 (custom seed)

4 Dadbod the Shield-Bearer (level 1, 18/18 HPs)
             Began as a Formicid Fighter on June 5, 2023.
             Quit the game on level 1 of the Dungeon.
             The game lasted 00:02:51 (104 turns).

Dadbod the Shield-Bearer (Formicid Fighter)          Turns: 104, Time: 00:02:51

Health: 18/18      AC: 17    Str: 20    XL:     1   Next: 77%
Magic:  1/1        EV:  2    Int:  7    God:
Gold:   0          SH:  5    Dex: 13    Spells: 0/0 levels left

rFire   + . .        a - +0 war axe
rCold   + . .        c - +0 buckler
rNeg    + . .        e - +4 gold dragon scales of Courage {rPois rF+ rC+ rN+ Regen+}
rPois   +            (helmet unavailable)
rElec   .            (no cloak)
rCorr   .            (no gloves)
SInv    +            (no boots)
Will    .....        (no amulet) Stlth
                     (no ring)
HPRegen 1.03/turn    (no ring)
MPRegen 0.07/turn

%: no passive effects
@: studying 2 skills
A: permanent stasis, dig shafts and tunnels, antennae 3, four strong arms
a: Dig, Shaft Self


You were on level 1 of the Dungeon.
You visited 1 branch of the dungeon, and saw 1 of its levels.

Inventory:

Hand Weapons
 a - a +0 war axe (weapon)
Armour
 b - a +0 scale mail
 c - a +0 buckler (worn)
 e - the +4 gold dragon scales of Courage (worn) {rPois rF+ rC+ rN+ Regen+}
   (You acquired it on level 1 of the Dungeon)

   rF:        It protects you from fire.
   rC:        It protects you from cold.
   rPois:     It protects you from poison.
   rN:        It protects you from negative energy.
   Regen:     It increases your rate of health regeneration.
Potions
 d - a potion of might


   Skills:
 + Level 3.3 Fighting
 + Level 2.0 Axes
 + Level 3.4 Armour
 + Level 4.1 Shields


You couldn't memorise any spells.
You didn't know any spells.
Your spell library was empty.

Dungeon Overview and Level Annotations

Branches:
Dungeon (1/15)

Altars:


Innate Abilities, Weirdness & Mutations

You cannot be hasted, slowed, berserked, paralysed or teleported.
You can dig through walls and to a lower floor.
You have a pair of large antennae on your head. (SInv)
Your four strong arms can wield two-handed weapons with a shield.


Message History

You closely miss the goblin. The goblin barely misses you.
The endoplasm jiggles.
The goblin hits you with a +0 dagger.
You hit the goblin.
The goblin is heavily wounded.
You block the goblin's attack.
You hit the goblin.
You kill the goblin!
You block the frilled lizard's attack.
You barely miss the frilled lizard.
The frilled lizard bites you but does no damage.
You hit the frilled lizard.
You kill the frilled lizard!
You hit the endoplasm but do no damage.
The endoplasm hits you but does no damage.
The endoplasm freezes you.
You are frozen.
You slash the endoplasm!
You kill the endoplasm!
Things that are here:
a +0 dagger; a frilled lizard corpse
Found 3 scrolls labelled DICAOL JAOKK.
e - 3 scrolls labelled DICAOL JAOKK This is a scroll of acquirement!
You see here a manual of Fighting.
Something appears at your feet!
You pick up a manual of Fighting and begin studying.
You see here a manual of Axes.
Something appears at your feet!
You pick up a manual of Axes and begin studying.
Something appears at your feet!
e - the +4 gold dragon scales of Courage {rPois rF+ rC+ rN+ Regen+} You start removing your armour.
You continue taking off your +0 scale mail. x4
You finish taking off your +0 scale mail.
You start putting on your armour.
You continue putting on the +4 gold dragon scales of Courage {rPois rF+ rC+ rN+ Regen+}. x2
HP restored.
You continue putting on the +4 gold dragon scales of Courage {rPois rF+ rC+ rN+ Regen+}. x3
You finish putting on the +4 gold dragon scales of Courage {rPois rF+ rC+ rN+ Regen+}.
The gold dragon scales of Courage throbs as it attunes itself to your uninjured body.
Are you sure you want to abandon this character and quit the game? (Confirm with "yes".)

.............
..##.#.######
.# #.#.# .
#.#.# #.#..
#.### #######
#.# #.. ..#
###.##### #.#
#.# #......)#
#.# #@#
#.#.##.## #.#
#.# #.#..#.#
##.###.#{ #
##.#.#
#...)..# .#.#
#.?###.# {
.#.# #..# #.#
.#.# #..# ###
#.# #..# #.#
#..#


There were no monsters in sight!

Vanquished Creatures
  An endoplasm (D:1)
  A goblin (D:1)
  A hobgoblin (D:1)
  A frilled lizard (D:1)
4 creatures vanquished.

Notes
Turn   | Place    | Note
-------+----------+-------------------------------------------
     0 | D:1      | Dadbod the Formicid Fighter began the quest for the Orb.
     0 | D:1      | Reached XP level 1. HP: 18/18 MP: 1/1
    88 | D:1      | Identified 3 scrolls of acquirement
    88 | D:1      | Acquired a manual of Fighting
    90 | D:1      | Acquired a manual of Axes
    92 | D:1      | Acquired the +4 gold dragon scales of Courage {rPois rF+
                  | rC+ rN+ Regen+}
   104 | D:1      | Quit the game

Illustrated notes

Levels and vault maps discovered:
D:1:      psy_arrival_dodecagon, layout_basic,
          dreamdust_ecumenical_altar_sealed_demon

Action                     || total
---------------------------++-------
  Melee: War axe           ||     9
    Use: Scroll            ||     3
 Armour: Scale mail        ||     2
  Dodge: Dodged            ||     1
  Block: Buckler           ||     2
